 Dungeon Crawl Stone Soup version 0.26.0-11-g8f856b5395 (webtiles) character file.

Game seed: 3863353965685815548

6827 Mahakala the Frost Mage (level 10, -7/83 HPs)
             Began as a Demigod Ice Elementalist on Jan 14, 2021.
             Mangled by Gastronok (27 damage)
             ... on level 8 of the Dungeon on Jan 15, 2021.
             The game lasted 01:16:44 (14280 turns).

Mahakala the Frost Mage (Demigod Ice Elementalist) Turns: 14280, Time: 01:16:44

Health: -7/83      AC: 11    Str: 15    XL:     10   Next: 49%
Magic:  1/22       EV: 14    Int: 21    God:
Gold:   390        SH:  0    Dex: 16    Spells: 6/21 levels left

rFire    + . .     SeeInvis .   w - +0 trident
rCold    . . .     Faith    .   (no shield)
rNeg     . . .     Spirit   .   m - +2 steam dragon scales
rPois    .         Reflect  .   (no helmet)
rElec    .         Harm     .   (no cloak)
rCorr    +         Rampage  .   l - +2 pair of gloves
Will     +....                  k - +0 pair of boots {Fly}
Stlth    ++........             (no amulet)
HPRegen  0.23/turn              q - ring of protection from fire
MPRegen  0.18/turn              z - ring of resist corrosion

@: no status effects
A: high mp 1
a: Evoke Flight


You were on level 8 of the Dungeon.
You visited 1 branch of the dungeon, and saw 10 of its levels.

You collected 390 gold pieces.

Inventory:

Hand Weapons
 a - a +3 dagger
 b - a +0 hunting sling
 w - a +0 trident (weapon)
Missiles
 n - 32 poisoned darts
 s - 185 stones
 y - 82 sling bullets
 C - 10 boomerangs
 I - 7 curare-tipped darts {!f}
 O - a throwing net {!f}
Armour
 k - a +0 pair of boots of flying (worn)
 l - a +2 pair of gloves (worn)
 m - +2 steam dragon scales (worn)
Jewellery
 q - a ring of protection from fire (left hand)
 z - a ring of resist corrosion (right hand)
Wands
 c - a wand of disintegration (34)
 v - a wand of digging (2)
 L - a wand of polymorph (3)
Scrolls
 d - 2 scrolls of enchant weapon
 g - a scroll of magic mapping
 h - 3 scrolls of remove curse {@r2}
 i - 4 scrolls of teleportation {@r4}
 j - a scroll of immolation {!r}
 x - a scroll of noise {!r}
 A - a scroll of fog
 D - a scroll of vulnerability {unknown}
 J - a scroll of amnesia {unknown}
 K - 3 scrolls of identify {@r1}
Potions
 f - 4 potions of lignification {!q}
 o - 2 potions of might
 p - 2 potions of resistance
 r - 7 potions of curing {@q1}
 t - a potion of brilliance
 u - a potion of attraction {!q}
 B - 2 potions of haste {@q3}
 F - a potion of cancellation
 G - a potion of berserk rage
 H - a potion of mutation {!q}
Miscellaneous
 e - a tin of tremorstones (2/2)


   Skills:
 - Level 6.0 Fighting
 - Level 3.0 Polearms
 - Level 3.0 Armour
 - Level 4.0 Dodging
 - Level 1.7 Stealth
 - Level 6.0 Spellcasting
 - Level 4.0 Conjurations
 - Level 4.0 Summonings
 + Level 9.9 Ice Magic


You had 6 spell levels left.
You knew the following spells:

 Your Spells              Type           Power        Failure   Level
a - Freeze                Ice            100%         1%          1
b - Frozen Ramparts       Ice            96%          1%          3
c - Ozocubu's Armour      Ice            48%          1%          3
d - Hailstorm             Conj/Ice       35%          5%          4
e - Summon Ice Beast      Ice/Summ       35%          5%          4

Your spell library contained the following spells:

 Spells                   Type           Power        Failure   Level


Dungeon Overview and Level Annotations

Branches:
Dungeon (10/15)            Temple (0/1) D:7
   Lair: D:8-11         Orc: D:9-12

Annotations:
D:8 Gastronok
D:10 2 transporters, exclusion: two-headed ogre, mojorge's ghost, journeyman DDFi


Innate Abilities, Weirdness & Mutations

You have an increased reservoir of magic. (+10% MP)


Message History

Gastronok is severely wounded.
Your ice beast hits Gastronok.
Your ice beast freezes Gastronok!
Casting: Freeze (safe; 1% risk of failure)
Confirm with . or Enter, or press ? or * to list all spells.
Aiming: Freeze (safe; 1% risk of failure)
Press: ? - help, Shift-Dir - straight line, f/p - Gastronok
Aim: Gastronok, wearing a +0 hat (almost dead, covering ground quickly)
You freeze Gastronok.
Gastronok is almost dead.
Gastronok bites you!!
* * * LOW HITPOINT WARNING * * *
Your ice beast completely misses Gastronok.
You hit Gastronok but do no damage.
Gastronok is almost dead.
Your ice beast hits Gastronok.
Your ice beast freezes Gastronok!
You hit Gastronok but do no damage.
Gastronok is almost dead.
Your ice beast hits Gastronok but does no damage.
Gastronok bites you!!
You die...

....................#
....................#
....................#
.................... ♣..≈≈≈♣≈≈≈.
.................... ..≈.)≈..≈.
'####'######'###'##### .≈..≈..≈.
.....................# w..≈...
.....................# ..≈ow
................@YY..# ...
#).##..###...####w#### ♣.♣
#.)#######...## #.##.#######'####
#.)............ #..........w....#
#...............#...............#
#...............#...............#
#################################


You could see Gastronok (swift) and 2 friendly ice beasts.

Vanquished Creatures
  Erica (D:10)
  A gargoyle (D:10)
  Maggie (D:8)
  A troll (D:7)
  Sigmund (D:6)
  Grum (D:8)
  2 orc warriors
  3 ice beasts
  A black bear (D:7)
  4 sky beasts
  5 ogres
  A centaur (D:7)
  4 wolves (D:8)
  6 bullfrogs
  4 scorpions
  5 wights
  2 howler monkeys
  6 hounds
  A bullfrog zombie (D:8)
  5 bullfrog skeletons
  5 orc priests
  3 jellies
  A centaur skeleton (D:5)
  2 iguanas
  8 orc wizards
  8 worker ants
  A centaur simulacrum (D:8)
  A hound zombie (D:6)
  2 hound skeletons
  2 worker ant zombies
  2 howler monkey skeletons
  5 gnolls
  15 adders
  5 white imps
  5 ufetubi
  An adder skeleton (D:6)
  3 worms
  3 dart slugs
  4 leopard geckos
  29 orcs
  7 giant cockroaches
  9 goblins
  6 hobgoblins
  5 jackals
  A quokka (D:8)
  A ball python (D:4)
  9 bats
  4 frilled lizards
  10 kobolds
  8 rats
220 creatures vanquished.

Vanquished Creatures (collateral kills)
  Psyche (D:9)
  2 polar bears
  A water moccasin (D:8)
  An orc warrior (D:8)
  2 ice beasts (D:8)
  3 wights (D:10)
  A howler monkey (D:8)
  A jelly (D:8)
  2 orc wizards (D:7)
  A worker ant (D:8)
  A bullfrog simulacrum (D:8)
  A howler monkey skeleton (D:8)
  A hound simulacrum (D:8)
  An ufetubus (D:8)
  An orc (D:7)
20 creatures vanquished.

Grand Total: 240 creatures vanquished

Notes
Turn   | Place    | Note
-------+----------+-------------------------------------------
     0 | D:1      | Mahakala the Demigod Ice Elementalist began the quest for
                  | the Orb.
     0 | D:1      | Reached XP level 1. HP: 14/14 MP: 5/5
   528 | D:1      | Reached skill level 4 in Ice Magic
   636 | D:1      | Reached XP level 2. HP: 20/20 MP: 5/7
  1419 | D:2      | Reached XP level 3. HP: 26/26 MP: 4/8
  1722 | D:2      | Learned a level 3 spell: Frozen Ramparts
  2312 | D:2      | Reached skill level 5 in Ice Magic
  2551 | D:3      | Reached XP level 4. HP: 33/33 MP: 2/9
  2900 | D:3      | Learned a level 3 spell: Ozocubu's Armour
  2995 | D:3      | Reached skill level 6 in Ice Magic
  2995 | D:3      | Reached XP level 5. HP: 38/38 MP: 2/11
  3894 | D:4      | Reached skill level 1 in Fighting
  3959 | D:4      | Reached skill level 1 in Armour
  3959 | D:4      | Reached XP level 6. HP: 47/47 MP: 8/13
  4461 | D:4      | Learned a level 4 spell: Hailstorm
  4581 | D:4      | Reached skill level 1 in Conjurations
  4932 | D:5      | Entered Level 5 of the Dungeon
  5292 | D:5      | Reached XP level 7. HP: 52/52 MP: 7/14
  6627 | D:6      | Reached skill level 7 in Ice Magic
  7420 | D:5      | Reached skill level 8 in Ice Magic
  7697 | D:6      | Reached XP level 8. HP: 59/59 MP: 14/17
  7736 | D:6      | Found a basalt altar of Yredelemnul.
  8061 | D:6      | Found an opulent altar of Gozag.
  8062 | D:6      | Found a blossoming altar of Fedhas.
  8229 | D:6      | Got a buzzing leather armour
  8240 | D:6      | Identified the cursed +1 leather armour "Qiym" {+Inv rC-
                  | Slay+2} (You found it on level 6 of the Dungeon)
  8281 | D:6      | Noticed Sigmund
  8288 | D:6      | Learned a level 4 spell: Summon Ice Beast
  8298 | D:6      | Killed Sigmund
  8299 | D:6      | Reached skill level 1 in Summonings
  8493 | D:6      | Found a hazy altar of Hepliaklqana.
  9069 | D:7      | Found a staircase to the Ecumenical Temple.
  9285 | D:7      | Reached XP level 9. HP: 66/69 MP: 12/19
  9611 | D:7      | Reached skill level 5 in Spellcasting
 10976 | D:8      | Noticed Maggie
 10991 | D:8      | Killed Maggie
 10992 | D:8      | Reached skill level 5 in Fighting
 11424 | D:8      | Found a stormy altar of Qazlal.
 11583 | D:8      | Reached skill level 1 in Polearms
 11893 | D:8      | Noticed Grum
 11911 | D:8      | Reached XP level 10. HP: 67/82 MP: 16/22
 11918 | D:8      | Killed Grum
 12257 | D:8      | You are sucked into a shaft and drop 2 floors!
 12257 | D:10     | Entered Level 10 of the Dungeon
 12260 | D:10     | Noticed Erica
 12276 | D:10     | Killed Erica
 12600 | D:10     | Reached skill level 9 in Ice Magic
 12975 | D:10     | Noticed a two-headed ogre
 12982 | D:10     | Noticed mojorge's ghost (journeyman DDFi)
 12996 | D:10     | Found a transporter.
 13000 | D:10     | Found a transporter.
 13189 | D:9      | Noticed Psyche
 13203 | D:9      | Killed Psyche
 14197 | D:8      | Noticed Gastronok
 14280 | D:8      | Mangled by Gastronok

Illustrated notes

Levels and vault maps discovered:
D:1:      nicolae_arrival_somewhat_less_tricky_arrival, layout_basic,
          hangedman_decor_growths
D:2:      layout_basic, hangedman_decor_points, minmay_misc_feat_tiny,
          kennysheep_generic_room_15
D:3:      layout_basic
D:4:      layout_loops_ring
D:5:      layout_layer_cave
D:6:      layout_cave_pods, lemuel_doored_altar, old_standard_altar,
          gammafunk_temple_overflow_statue, serial_park_tiny_pond, uniq_sigmund
D:7:      minmay_octagon_keep, layout_basic, temple_statues, st_stairs_3
D:8:      layout_gridville, basic_altar, serial_ice, serial_ice_f, serial_ice_c,
          serial_ice_j, serial_ice_h, enter_bailey_7,
          kennysheep_generic_room_16, uniq_gastronok, uniq_maggie, uniq_grum
D:9:      layout_grid_maze, grunt_temple_overflow_open, moated_statue,
          minmay_misc_feat_tower, uniq_psyche, uniq_maurice, uniq_harold
D:10:     layout_loops_cross, grunt_lair_entry_orc_guard_hut,
          gammafunk_ghost_hive, uniq_erica

Skill      XL: |  1  2  3  4  5  6  7  8  9 10 |
---------------+-------------------------------+-----
Spellcasting   | 2 3 4 6 |  6.0
Ice Magic      | 4 5 6 8 9 |  9.9
Fighting       | 1 3 5 6 |  6.0
Armour         | 1 2 3 |  3.0
Conjurations   | 2 3 4 |  4.0
Dodging        | 3 4 |  4.0
Summonings     | 4 |  4.0
Polearms       | 2 3 |  3.0
Stealth        | |  1.7

Action                   |  1- 3 |  4- 6 |  7- 9 | 10-12 || total
-------------------------+-------+-------+-------+-------++-------
Melee: Dagger            |     2 |     1 |    63 |     3 ||    69
       Trident           |       |       |    94 |    95 ||   189
 Fire: Hunting sling     |       |    25 |   192 |       ||   217
 Cast: Freeze            |    55 |    48 |    27 |    14 ||   144
       Frozen Ramparts   |     6 |    28 |    42 |    17 ||    93
       Ozocubu's Armour  |       |    11 |    25 |     4 ||    40
       Hailstorm         |       |       |    13 |    13 ||    26
       Summon Ice Beast  |       |       |    15 |    18 ||    33
 Abil: Stop Flying       |       |       |       |     1 ||     1
Evoke: Wand              |       |       |     1 |       ||     1
  Use: Scroll            |     4 |     6 |    11 |     1 ||    22
       Potion            |       |       |       |     1 ||     1
 Stab: Sleeping          |     1 |       |     1 |       ||     2
       Distracted        |       |       |     2 |     1 ||     3
Armor: Leather armour    |     4 |     9 |    92 |       ||   105
       Robe              |     4 |     5 |       |       ||     9
       Steam dragon scal |       |       |    53 |    32 ||    85
       Troll leather arm |       |       |    10 |       ||    10
Dodge: Dodged            |    19 |    25 |   236 |    72 ||   352
